 Dungeon Crawl Stone Soup version 0.31.0-1-g2c135a008e (webtiles) character file.

Game seed: 3119236433219943772

140 qw the Shooter (level 5, -1/40 HPs)
             Began as a Djinni Hunter on Jan 23, 2024.
             Slain by a lemure (5 damage)
             ... led by Pikel
             ... on level 4 of the Dungeon.
             The game lasted 00:00:10 (2226 turns).

qw the Shooter (Djinni Hunter)                      Turns: 2226, Time: 00:00:10

Health: -1/40      AC:  8    Str: 10    XL:     5   Next: 46%
Gold:   113        EV: 11    Int: 10    God:
                   SH:  0    Dex: 19

rFire   + + .        a - +0 shortbow
rCold   x . .        (shield currently unavailable)
rNeg    . . .        k - +0 ring mail
rPois   inf          b - +1 helmet
rElec   .            e - +0 cloak
rCorr   .            (no gloves)
SInv    .            (boots unavailable)
Will    .....        (no amulet)
Stlth   +            (no ring)
HPRegen 0.26/turn    (no ring)
MPRegen 0.00/turn

%: infuse magic (-2 HP)
@: flying
A: sickness immunity, fire resistance 2, cold vulnerability 1, float, innate
caster, HP casting, extra vitality 1
a: no special abilities


You were on level 4 of the Dungeon.
You visited 1 branch of the dungeon, and saw 4 of its levels.

You collected 113 gold pieces.


Innate Abilities, Weirdness & Mutations

You are immune to sickness and miasma.
You are immune to poison.
Your flesh is very heat resistant. (rF++)
You are vulnerable to cold. (rC-)
You float through the air rather than walking.
You learn spells naturally, not from books.
Your magical power is your life essence.
You have superior vitality. (+4 MHP)


   Skills:
 - Level 3.1 Fighting
 + Level 4.4 Ranged Weapons
 - Level 1.0 Armour
 - Level 3.0 Dodging
 - Level 0.7 Stealth


You knew the following spells:

 Your Spells              Type           Power      Damage    Failure   Level
a - Slow                  Hex            0%         N/A       67%         1
b - Scorch                Fire           0%         2d5       82%         2
Your spell library was empty.

Inventory:

Hand Weapons
 a - a +0 shortbow (weapon)
Armour
 b - a +1 helmet (worn)
 e - a +0 cloak (worn)
 k - a +0 ring mail (worn)
Jewellery
 c - the ring of Immorality {^Drain rF+ Int-5 Dex+4 SInv}
   (You found it on level 4 of the Dungeon)

   [ring of see invisible]

   Int-5:     It affects your intelligence (-5).
   Dex+4:     It affects your dexterity (+4).
   rF+:       It protects you from fire.
   SInv:      It lets you see invisible.
   ^Drain:    It drains your maximum health when unequipped.
Potions
 h - a potion of resistance
 i - a potion of enlightenment {unknown}
 j - a potion of brilliance {unknown}

Dungeon Overview and Level Annotations

Branches:
Dungeon (4/15)
 Temple: D:4-7

Altars:
Trog


Message History

You shoot an arrow. The arrow hits the lemure.
The lemure is lightly wounded.
The lemure hits you but does no damage. The lemure hits you.
You shoot an arrow. The arrow barely misses the lemure.
The lemure hits you but does no damage.
You shoot an arrow. The arrow hits the lemure!
The lemure is moderately wounded.
The lemure hits you but does no damage.
You shoot an arrow. The arrow closely misses the lemure.
The lemure hits you.
You shoot an arrow. The arrow hits the lemure.
The lemure is moderately wounded.
The lemure hits you but does no damage. The lemure hits you.
You shoot an arrow. The arrow hits the lemure.
The lemure is heavily wounded.
The lemure hits you but does no damage.
You shoot an arrow.
The arrow hits the lemure but does no damage.
The lemure is heavily wounded.
The lemure hits you.
You shoot an arrow.
The arrow hits the lemure but does no damage.
The lemure is heavily wounded.
The lemure hits you but does no damage. The lemure barely misses you.
You shoot an arrow.
The arrow hits the lemure but does no damage.
The lemure is heavily wounded.
The lemure closely misses you.
You shoot an arrow. The arrow closely misses the lemure.
The lemure hits you.
You shoot an arrow. The arrow hits the lemure.
The lemure is severely wounded.
The lemure barely misses you. The lemure hits you.
You shoot an arrow. The arrow closely misses the lemure.
The lemure barely misses you.
You shoot an arrow. The arrow closely misses the lemure.
The lemure hits you!
You shoot an arrow. The arrow barely misses the lemure.
The lemure hits you.
You die...

................
...........#
...#.......#
.....#5.#..###
#.............###.#
#.#..........<>...#
#.#...##....###.#
.......##..#5# #
###.##......#@##....
#......##..(....#
#####.# #.....###
... .........# ...
#.......#.# ...
#.........# ##+
#.......###
#.......# #.......#


You could see a lemure.

Vanquished Creatures
  A lemure (D:4)
  Ijyb (D:4)
  2 adders (D:2)
  4 dart slugs (D:1)
  5 bats
  7 endoplasms
  2 giant cockroaches (D:1)
  4 goblins
  7 hobgoblins
  15 jackals
  6 kobolds
  4 quokkas
  6 ball pythons
  3 frilled lizards
  14 rats
81 creatures vanquished.

Notes
Turn   | Place    | Note
-------+----------+-------------------------------------------
     0 | D:1      | qw the Djinni Hunter began the quest for the Orb.
     0 | D:1      | Reached XP level 1. HP: 18/18 MP: 0/0
     0 | D:1      | 0 ||| qw: Version: 0.3-a-135-gb77e89d
     0 | D:1      | 0 ||| qw: Game counter: 965
     0 | D:1      | 0 ||| qw: Melee chars always use a shield: true
     0 | D:1      | 0 ||| qw: God list: Okawaru
     0 | D:1      | 0 ||| qw: Allow faded altars: false
     0 | D:1      | 0 ||| qw: Do Orc after clearing Dungeon:15 true
     0 | D:1      | 0 ||| qw: Do second Lair branch before Depths: true
     0 | D:1      | 0 ||| qw: Lair rune preference: random
     0 | D:1      | 0 ||| qw: Goals: Normal
     0 | D:1      | 0 ||| PLANNING D:1-11
    61 | D:1      | Reached XP level 2. HP: 23/23 MP: 0/0
   147 | D:1      | Reached XP level 3. HP: 28/28 MP: 0/0
   147 | D:1      | Learned a level 1 spell: Slow
   152 | D:1      | Reached skill level 4 in Ranged Weapons
   292 | D:1      | 292 ||| RETREEEEATING.
   293 | D:1      | 293 ||| RETREEEEATING.
   294 | D:1      | 294 ||| RETREEEEATING.
   305 | D:1      | HP: 7/29 [frozen (6)]
   311 | D:1      | HP: 6/29 [jackal (2)]
   555 | D:1      | Found a faded altar of an unknown god.
   691 | D:1      | 691 ||| UPGRADING to +0 cloak.
   696 | D:1      | 696 ||| READING scroll labelled ESCHOAL NYQE.
   696 | D:1      | 696 ||| IDENTIFYING coppery potion
   697 | D:1      | 697 ||| READING scroll labelled FUNUSTRU HILYBB.
   698 | D:1      | 698 ||| DROPPING scroll of butterflies.
   699 | D:1      | 699 ||| DROPPING potion of lignification.
   756 | D:2      | Reached XP level 4. HP: 34/34 MP: 0/0
   793 | D:2      | Reached skill level 3 in Fighting
  1071 | D:2      | Reached skill level 3 in Dodging
  1325 | D:2      | Reached XP level 5. HP: 40/40 MP: 0/0
  1325 | D:2      | Learned a level 2 spell: Scorch
  1597 | D:2      | 1597 ||| UPGRADING to +1 helmet.
  1602 | D:2      | 1602 ||| READING scroll labelled ICOGIKK CUCSE.
  1905 | D:3      | Reached skill level 1 in Armour
  1905 | D:3      | Found a bloodstained altar of Trog.
  2070 | D:3      | 2070 ||| UPGRADING to +0 ring mail.
  2080 | D:3      | 2080 ||| DROPPING +0 leather armour.
  2081 | D:3      | 2081 ||| READING 3 scrolls of identify.
  2081 | D:3      | 2081 ||| IDENTIFYING sedimented golden potion
  2082 | D:3      | 2082 ||| READING 2 scrolls of identify.
  2082 | D:3      | 2082 ||| IDENTIFYING ruby potion
  2083 | D:3      | 2083 ||| READING scroll of identify.
  2083 | D:3      | 2083 ||| IDENTIFYING golden potion
  2084 | D:3      | 2084 ||| READING scroll labelled JEYGIO RISTRU.
  2085 | D:3      | 2085 ||| DROPPING potion of invisibility.
  2086 | D:3      | 2086 ||| DROPPING potion of attraction.
  2165 | D:4      | Identified the ring of Immorality {^Drain rF+ Int-5 Dex+4
                  | SInv}
  2172 | D:4      | Noticed Ijyb
  2178 | D:4      | Noticed a lemure
  2187 | D:4      | Noticed a lemure
  2188 | D:4      | 2188 ||| RETREEEEATING.
  2189 | D:4      | 2189 ||| RETREEEEATING.
  2190 | D:4      | 2190 ||| RETREEEEATING.
  2191 | D:4      | 2191 ||| RETREEEEATING.
  2192 | D:4      | 2192 ||| RETREEEEATING.
  2193 | D:4      | 2193 ||| RETREEEEATING.
  2194 | D:4      | 2194 ||| RETREEEEATING.
  2195 | D:4      | 2195 ||| RETREEEEATING.
  2199 | D:4      | Killed Ijyb
  2211 | D:4      | Killed a lemure
  2225 | D:4      | HP: 4/40 [lemure[Pikel] (8)]
  2226 | D:4      | Slain by a lemure

Levels and vault maps discovered:
D:1:      tarquinn_simple_flora_water_a, layout_rooms,
          dreamdust_ecumenical_altar_hidden_monk_grotto,
          minmay_misc_feat_enclosed
D:2:      layout_basic, minmay_rat_gold_closets
D:3:      layout_rooms, trog_three_pillars_becter
D:4:      layout_basic, serial_forest, infiniplex_forest_straight_2,
          infiniplex_forest_end_2, infiniplex_forest_lined_corner,
          infiniplex_forest_end_double, infiniplex_forest_lined_ring,
          infiniplex_forest_lined_corner, infiniplex_forest_zigzag_1, uniq_ijyb,
          uniq_pikel

Skill      XL: |  1  2  3  4  5 |
---------------+----------------+-----
Ranged Weapons | 4 |  4.4
Fighting       | 3 |  3.1
Dodging        | 3 |  3.0
Armour         | 1 |  1.0
Stealth        | |  0.7

Action                     |  1- 3 |  4- 6 || total
---------------------------+-------+-------++-------
   Fire: Shortbow          |   115 |   164 ||   279
    Use: Scroll            |     2 |     5 ||     7
 Armour: Leather armour    |    39 |    30 ||    69
         Ring mail         |       |    40 ||    40
  Dodge: Dodged            |    57 |    68 ||   125

Table legend:
 A = Non-vault XP
 B = Vault XP
 C = Vault XP percentage of total XP
 D = Non-vault monster count
 E = Vault monster count
 F = Vault count percentage of total count
                 A         B        C        D         E       F
            +---------+---------+-------+---------+---------+-------
      Total |     155 |      45 |  22.5 |      70 |      10 |  12.5
            +---------+---------+-------+---------+---------+-------
        D:1 |      68 |       0 |   0.0 |      33 |       0 |   0.0
        D:2 |      67 |       9 |  11.8 |      25 |       9 |  26.5
        D:3 |      20 |       0 |   0.0 |      12 |       0 |   0.0
        D:4 |       0 |      36 | 100.0 |       0 |       1 | 100.0
            +---------+---------+-------+---------+---------+-------
